 Dungeon Crawl Stone Soup version 0.23.2-1-ga50397a6bc (webtiles) character file.

Game seed: 17078586028006076113

5535 Mrkan the Sculptor of Flesh (level 10, -1/147 (150) HPs)
             Began as a Troll Monk on May 22, 2019.
             Was an Elder of Yredelemnul.
             Slain by Sonja
             ... wielding a +0 dagger of venom
              (6 damage)
             ... on level 10 of the Dungeon.
             The game lasted 00:14:55 (7317 turns).

Mrkan the Sculptor of Flesh (Troll Monk)            Turns: 7317, Time: 00:14:56

HP:   -1/147 (150)  AC:  6    Str: 30    XL:     10   Next: 43%
MP:   16/16         EV: 11    Int:  6    God:    Yredelemnul [****..]
Gold: 660           SH:  0    Dex: 15    Spells: 9/9 levels left

rFire    + . .     SeeInvis .     - Unarmed
rCold    + . .     Gourm    +   (no shield)
rNeg     + . .     Faith    .   r - +0 robe {rC+ rF+}
rPois    .         Spirit   .   (helmet restricted)
rElec    .         Reflect  .   (no cloak)
rCorr    .         Harm     .   (gloves unavailable)
MR       .....                  (boots unavailable)
Stlth    ..........             u - amulet of regeneration
HPRegen  1.14/turn              C - ring of positive energy
MPRegen  0.15/turn              A - +4 ring of strength

@: berserking, lethally poisoned (-1 -> -94), slowed
A: large, unfitting armour, claws 3, fast metabolism 3, gourmand, regeneration
1, shaggy fur 1, tough skin 3
a: Recall Undead Slaves, Injury Mirror, Animate Dead, Drain Life, Renounce
Religion


You were on level 10 of the Dungeon.
You worshipped Yredelemnul.
Yredelemnul was greatly pleased with you.
You were completely stuffed.

You visited 1 branch of the dungeon, and saw 10 of its levels.

You collected 660 gold pieces.

Inventory:

Hand Weapons
 a - a +1 rapier of venom
Missiles
 o - 2 throwing nets (quivered)
Armour
 r - a +0 robe of resistance (worn)
 t - a +1 robe of magic resistance
 x - a +2 robe of fire resistance
Magical Staves
 y - an uncursed staff of earth
Jewellery
 u - an amulet of regeneration (around neck)
 A - a +4 ring of strength (right claw)
 B - an uncursed ring of flight
 C - a ring of positive energy (left claw)
Wands
 D - a wand of enslavement (7)
 F - a wand of paralysis (16)
 G - a wand of iceblast (11)
 J - a wand of acid (11)
Scrolls
 c - a scroll of noise {unknown}
 d - 3 scrolls of teleportation
 e - a scroll of amnesia {unknown}
 f - 3 scrolls of blinking
 g - 6 scrolls of fear
 i - 5 scrolls of remove curse
 n - 2 scrolls of random uselessness {unknown}
 p - 5 scrolls of enchant weapon
 z - a scroll of immolation {unknown}
 E - 2 scrolls of enchant armour {unknown}
 H - a scroll of torment {unknown}
Potions
 h - 2 potions of haste {unknown}
 k - 3 potions of curing {unknown}
 l - a potion of invisibility {unknown}
 m - 3 potions of brilliance
 q - a potion of ambrosia
 s - a potion of lignification {unknown}
 w - a potion of might {unknown}
 I - a potion of resistance {unknown}
Comestibles
 b - 15 rations
 j - 3 chunks of flesh


   Skills:
 - Level 6.5 Fighting
 * Level 2.6 Throwing
 - Level 2.4 Dodging
 - Level 1.0 Stealth
 - Level 9.0 Unarmed Combat
 + Level 9.6 Invocations


You had 9 spell levels left.
You didn't know any spells.
Your spell library was empty.

Dungeon Overview and Level Annotations

Branches:
Dungeon (10/15)            Temple (0/1) D:7            Lair (0/6) D:9
    Orc: D:9-12

Altars:
Dithmenos
Elyvilon
Gozag
Xom
Yredelemnul
The Shining One

Shops:
D:10 (%}[

Annotations:
D:10 Sonja


Innate Abilities, Weirdness & Mutations

You are too large for most types of armour.
You have claws for hands.
Your metabolism is lightning-fast.
You like to eat raw meat.
Your natural rate of healing is unusually fast.
You are covered in fur. (AC +1)
You have extremely tough skin. (AC +3)


Message History

Sonja hits you but does no damage.
Sonja hits you with a +0 dagger of venom.
* * * LOW HITPOINT WARNING * * *
You are more poisoned.
Sonja hits you but does no damage.
You are more poisoned.
Sonja hits you but does no damage.
You are more poisoned.
A red film seems to cover your vision as you go berserk!
You feel yourself moving faster!
You feel mighty!
* * * LOW HITPOINT WARNING * * *
You feel extremely sick. Sonja hits you but does no damage.
Sonja closely misses you.
Sonja hits you with a +0 dagger of venom.
* * * LOW HITPOINT WARNING * * *
You are more poisoned.
Your mummy misses Sonja. Sonja barely misses you.
Sonja hits you with a +0 dagger of venom.
You die...
Your body rises from the dead as a mindless zombie.

.......#
#...........'.##......#
#####.##
#...........########+##
#.# ########'#### #.#
#....# ##.# ####+######
##..######.........#
#........+.........#
###...######..(......##.
.....## #....@....8.∩
###.## #....K....##.
##.# ##.(.M.....# #..#
#..........+ #.##
#.#.)......# #÷#
#.(.#+###### #M#
#.∩.#....# ##<######
#.(...#
........###.#####


You could see Sonja and a friendly mummy.

Vanquished Creatures
  2 hippogriffs
  A spriggan (D:7)
  4 yaks (D:9)
  A hungry ghost (D:8)
  Menkaure (D:5)
  A water moccasin (D:8)
  A porcupine (D:9)
  3 sky beasts
  Duvessa (D:6)
  3 ogres
  5 orc warriors
  A phantom (D:6)
  A necrophage (D:7)
  3 centaurs
  A big kobold (D:9)
  10 bullfrogs
  A wyvern zombie (D:7)
  A water moccasin zombie (D:7)
  Dowan (D:6)
  A scorpion (D:9)
  5 killer bees (D:10)
  4 wights (D:7)
  3 howler monkeys
  3 crimson imps
  A gnoll shaman (D:7)
  2 hounds
  2 jellies (D:8)
  5 orc wizards
  A bullfrog skeleton (D:6)
  3 orc priests
  4 iguanas
  5 worker ants
  A hound zombie (D:10)
  5 adders
  14 gnolls
  A shadow imp (D:4)
  2 adder zombies (D:6)
  An adder skeleton (D:9)
  3 worms
  5 dart slugs
  8 leopard geckos
  22 orcs
  7 giant cockroaches
  3 goblins
  8 hobgoblins
  16 jackals
  2 quokkas
  7 bats
  3 frilled lizards
  15 kobolds
  2 quokka zombies (D:8)
  8 rats
214 creatures vanquished.

Vanquished Creatures (collateral kills)
  A worker ant (D:10)
1 creature vanquished.

Vanquished Creatures (others)
  A bullfrog skeleton (D:9)
  A mummy (D:9)
  A howler monkey skeleton (D:9)
  A howler monkey zombie (D:9)
4 creatures vanquished.

Grand Total: 219 creatures vanquished

Notes
Turn   | Place    | Note
-------+----------+-------------------------------------------
     0 | D:1      | Mrkan the Troll Monk began the quest for the Orb.
     0 | D:1      | Reached XP level 1. HP: 22/22 MP: 0/0
   375 | D:1      | Reached XP level 2. HP: 24/29 MP: 1/1
  1003 | D:2      | Found a shimmering altar of Xom.
  1017 | D:2      | Reached XP level 3. HP: 34/36 MP: 2/2
  1197 | D:2      | Reached XP level 4. HP: 43/44 MP: 3/3
  1203 | D:2      | Reached skill level 5 in Unarmed Combat
  1535 | D:3      | Found a basalt altar of Yredelemnul.
  1539 | D:3      | Became a worshipper of Yredelemnul the Dark
  1539 | D:3      | Reached * piety under Yredelemnul
  1539 | D:3      | Reached ** piety under Yredelemnul
  2001 | D:3      | Reached XP level 5. HP: 50/50 MP: 4/4
  2407 | D:4      | Noticed an ogre
  2435 | D:4      | Killed an ogre
  2660 | D:4      | Reached XP level 6. HP: 53/59 MP: 5/5
  3221 | D:5      | Entered Level 5 of the Dungeon
  3410 | D:5      | Reached XP level 7. HP: 65/66 MP: 6/6
  3511 | D:5      | Noticed Menkaure
  3525 | D:5      | HP: 3/66 [Menkaure/nerve-wracking pain (11)]
  3527 | D:5      | Killed Menkaure
  3833 | D:5      | Reached *** piety under Yredelemnul
  4072 | D:6      | Reached skill level 1 in Invocations
  4082 | D:6      | Noticed Duvessa
  4083 | D:6      | Noticed Dowan
  4093 | D:6      | Killed Duvessa
  4095 | D:6      | Killed Dowan
  4095 | D:6      | Reached XP level 8. HP: 75/75 MP: 7/9
  4689 | D:7      | Found a white marble altar of Elyvilon.
  4694 | D:7      | Noticed a hippogriff
  4707 | D:7      | Killed a hippogriff
  4707 | D:7      | Reached skill level 5 in Invocations
  4793 | D:7      | Reached XP level 9. HP: 70/85 MP: 12/12
  4833 | D:7      | Received a gift from Yredelemnul (a mummy)
  4859 | D:7      | Found a staircase to the Ecumenical Temple.
  5039 | D:7      | Reached skill level 5 in Fighting
  5197 | D:7      | Reached **** piety under Yredelemnul
  5758 | D:8      | Found an opulent altar of Gozag.
  6391 | D:9      | Reached XP level 10. HP: 83/96 MP: 15/15
  6600 | D:9      | Received a gift from Yredelemnul (a mummy)
  6749 | D:9      | Found a glowing golden altar of the Shining One.
  6843 | D:9      | Found a staircase to the Lair.
  6985 | D:9      | Found a shadowy altar of Dithmenos.
  7095 | D:10     | Entered Level 10 of the Dungeon
  7111 | D:10     | Found Zueziph's Armour Shop.
  7131 | D:10     | Found Qobrial's Food Shoppe.
  7143 | D:10     | Reached skill level 1 in Throwing
  7298 | D:10     | Found Tanug's Weapon Shop.
  7302 | D:10     | Noticed Sonja
  7311 | D:10     | Found Ciaqarodd's Gadget Shoppe.
  7317 | D:10     | HP: 5/147 [Sonja/+0 dagger of venom (5)]
  7317 | D:10     | Slain by Sonja

Skill      XL: |  1  2  3  4  5  6  7  8  9 10 |
---------------+-------------------------------+-----
Unarmed Combat | 4 5 6 8 9 |  9.0
Invocations    | 2 5 8 9 |  9.6
Fighting       | 3 4 6 |  6.5
Throwing       | 2 |  2.6
Dodging        | |  2.4
Stealth        | |  1.0

Action                   |  1- 3 |  4- 6 |  7- 9 | 10-12 || total
-------------------------+-------+-------+-------+-------++-------
Melee: Unarmed           |    72 |   126 |   274 |   114 ||   586
       Punch             |     1 |     6 |     8 |     9 ||    24
Throw: Throwing net      |       |       |       |     2 ||     2
Invok: Animate Dead      |       |       |     2 |       ||     2
  Use: Scroll            |       |       |    15 |       ||    15
       Potion            |       |       |       |     1 ||     1
 Stab: Sleeping          |       |     2 |     3 |     1 ||     6
  Eat: Chunk             |    16 |    19 |    30 |    13 ||    78
Armor: Robe              |    22 |    38 |    53 |    35 ||   148
Dodge: Dodged            |    42 |    55 |   113 |    71 ||   281
